 Dungeon Crawl Stone Soup version 0.28.0-43-g3370ac3207 (webtiles) character file.

Game seed: 13017688638939810154

198 buriedalive the Chiller (level 5, -3/28 HPs)
             Began as a Deep Elf Ice Elementalist on Mar 8, 2022.
             Slain by a bullfrog (5 damage)
             ... in a sewer.
             The game lasted 00:07:19 (3355 turns).

buriedalive the Chiller (Deep Elf Ice Elementalist) Turns: 3355, Time: 00:07:19

Health: -3/28      AC:  3    Str:  5    XL:     5   Next: 47%
Magic:  8/11       EV: 11    Int: 22    God:
Gold:   69         SH:  0    Dex: 15    Spells: 3/10 levels left

rFire   . . .      SeeInvis .   c - +1 dagger (elec)
rCold   . . .      Faith    .   (no shield)
rNeg    . . .      Spirit   .   a - +0 robe
rPois   .          Reflect  .   (no helmet)
rElec   .          Harm     .   (no cloak)
rCorr   .          Rampage  .   j - +0 pair of gloves
Will    .....                   (no boots)
Stlth   +.........              k - amulet of the acrobat
HPRegen 0.09/turn               (no ring)
MPRegen 0.12/turn               (no ring)

@: freezing walls, constricted, very slow
A: no striking features
a: no special abilities


You were in a sewer.
You visited 1 branch of the dungeon, and saw 3 of its levels.
You also visited: Sewer.

You collected 69 gold pieces.

Inventory:

Hand Weapons
 c - a +1 dagger of electrocution (weapon)
Missiles
 b - 71 stones
Armour
 a - a +0 robe (worn)
 j - a +0 pair of gloves (worn)
Jewellery
 k - an amulet of the acrobat (around neck)
Wands
 m - a wand of iceblast (9)
Scrolls
 d - 2 scrolls of fog
 h - a scroll of enchant armour {unknown}
Potions
 f - a potion of invisibility {unknown}
 g - a potion of haste
 l - a potion of might
 p - 2 potions of mutation


   Skills:
 + Level 5.2 Dodging
 - Level 2.4 Stealth
 - Level 3.0 Spellcasting
 + Level 6.1 Ice Magic


You had 3 spell levels left.
You knew the following spells:

 Your Spells              Type           Power      Damage    Failure   Level
a - Freeze                Ice            100%       1d11      1%          1
b - Ozocubu's Armour      Ice            30%        N/A       3%          3
c - Frozen Ramparts       Ice            60%        1d8       3%          3

Your spell library contained the following spells:

 Spells                   Type           Power      Damage    Failure   Level
 Pain                     Necr           12%        1d4       12%         1
 Spider Form              Tmut/Pois      3%         N/A       36%         3
 Hailstorm                Conj/Ice       16%        3d6       34%         4
 Alistair's Intoxication  Tmut/Pois      2%         N/A       98%         5


Dungeon Overview and Level Annotations

Branches:
Dungeon (3/15)              Sewer (1/1)

Altars:


Message History

Some shallow water.
The walls around you are covered in ice.
The adder bites you.
You are poisoned.
The adder poisons you!
The wall freezes the ball python.
You kill the ball python!
The wall freezes the adder.
The ball python closely misses you. The ball python misses you.
The wall freezes the bullfrog.
The bullfrog seems to slow down.
The bullfrog misses you. The bullfrog hits you.
* * * LOW HITPOINT WARNING * * *
The ball python completely misses you. The ball python closely misses you.
The wall freezes the adder.
The adder seems to slow down.
The adder closely misses you. x2
Unknown command.
Casting: Frozen Ramparts (dangerous; 3% risk of failure)
Confirm with . or Enter, or press ? or * to list all spells.
You cannot sustain more frozen ramparts right now.
Unknown command.
Casting: Frozen Ramparts (dangerous; 3% risk of failure)
Confirm with . or Enter, or press ? or * to list all spells.
Okay, then.
It was a potion of curing.
You feel better. The ball python misses you. The ball python barely misses you.
The bullfrog hits you but does no damage.
The wall freezes the bullfrog.
The bullfrog seems to slow down.
The bullfrog hits you!
* * * LOW HITPOINT WARNING * * *
The wall freezes the frilled lizard.
You kill the frilled lizard!
The ball python misses you. The ball python barely misses you.
The adder bites you.
* * * LOW HITPOINT WARNING * * *
The ball python barely misses you. The ball python grabs you.
The ball python constricts you.
* * * LOW HITPOINT WARNING * * *
The wall freezes the adder.
You kill the adder!
The bullfrog hits you.
You die...

≈≈≈≈≈≈# #≈≈≈≈≈≈#
≈≈≈≈≈≈# #≈≈≈≈≈≈#
≈≈≈≈≈≈# #≈≈≈≈≈≈#
≈≈≈≈≈≈# #≈≈≈≈.≈#
#....≈# #≈≈≈≈.≈#
...(.≈# #≈≈≈≈≈≈#
≈..÷÷≈# #≈≈≈†#≈#
≈≈≈≈≈≈# #≈≈FF≈≈#
≈≈≈≈≈≈# #≈≈S@S≈#
≈≈≈≈≈≈# #≈≈S≈≈≈#
≈≈≈≈≈≈# #≈≈≈≈≈≈#
≈≈≈≈≈≈# #####≈≈≈≈≈≈#
#...†.# #..##.....##
.....†###.!##......#
#.....†##'##......##
#.....†.#.........#
##...............##


You could see 2 bullfrogs, an adder and 2 ball pythons.

Vanquished Creatures
  9 adders
  6 river rats (Sewer)
  A dart slug (D:2)
  5 endoplasms
  2 giant cockroaches (D:2)
  6 goblins
  4 hobgoblins
  5 jackals (D:1)
  A kobold (D:1)
  2 quokkas
  13 ball pythons
  2 bats
  6 frilled lizards
  19 rats
81 creatures vanquished.

Notes
Turn   | Place    | Note
-------+----------+-------------------------------------------
     0 | D:1      | buriedalive the Deep Elf Ice Elementalist began the quest
                  | for the Orb.
     0 | D:1      | Reached XP level 1. HP: 10/10 MP: 6/6
   376 | D:1      | Reached XP level 2. HP: 12/15 MP: 0/8
   482 | D:1      | Found a faded altar of an unknown god.
   566 | D:1      | Got the Almanac of Sinister Arts and Venom
  1416 | D:2      | Reached skill level 5 in Ice Magic
  1416 | D:2      | Reached XP level 3. HP: 19/19 MP: 9/9
  1420 | D:2      | Learned a level 3 spell: Ozocubu's Armour
  1424 | D:2      | Learned a level 3 spell: Frozen Ramparts
  1884 | D:2      | Reached XP level 4. HP: 22/24 MP: 1/10
  2149 | D:3      | Found a glowing drain.
  2158 | Sewer    | Entered a sewer
  2504 | Sewer    | Reached XP level 5. HP: 24/28 MP: 1/11
  2793 | Sewer    | HP: 1/28 [constriction (1)]
  3112 | Sewer    | Reached skill level 5 in Dodging
  3112 | Sewer    | Reached skill level 6 in Ice Magic
  3355 | Sewer    | Slain by a bullfrog

Illustrated notes

Levels and vault maps discovered:
D:1:      sevenhm_arrival_forest_fort_large_2, layout_basic,
          chequers_ecumenical_altar_simple, serial_bayou_pond_e,
          lemuel_another_geyser
D:2:      layout_basic, nrook_mini_vaults
D:3:      layout_basic, jmf_multi_god_temple2, mainiacjoe_overflow_tiny_flanked,
          mainiacjoe_overflow_concentric_impassable, dancing_weapons_uskayaw,
          serial_shops, nicolae_shop_window_shopping,
          cheibrodos_sewer_entry_sluice
Sewer:    sewer_minmay_w

Skill      XL: |  1  2  3  4  5 |
---------------+----------------+-----
Dodging        | 3 4 5 |  5.2
Ice Magic      | 5 6 |  6.1
Stealth        | |  2.4
Spellcasting   | |  3.0

Action                   |  1- 3 |  4- 6 || total
-------------------------+-------+-------++-------
Melee: Unarmed           |     6 |       ||     6
       Dagger            |     9 |    48 ||    57
 Cast: Freeze            |    53 |    49 ||   102
       Frozen Ramparts   |       |     2 ||     2
  Use: Potion            |     1 |     2 ||     3
       Scroll            |       |     9 ||     9
 Stab: Sleeping          |     3 |     1 ||     4
Armor: Robe              |    11 |    20 ||    31
Dodge: Dodged            |    33 |   138 ||   171
